 Dungeon Crawl Stone Soup version 0.31-a0-1591-g515db51633 (webtiles) character file.

Game seed: 12908432672460288879

25 Lobster4 the Changeling (level 3, 0/26 HPs)
             Began as a Merfolk Shapeshifter on Jan 6, 2024.
             Slain by an iguana (13 damage)
             ... on level 2 of the Dungeon.
             The game lasted 00:02:27 (901 turns).

Lobster4 the Changeling (Merfolk Shapeshifter)       Turns: 901, Time: 00:02:27

Health: 0/26       AC:  5    Str: 16    XL:     3   Next: 4%
Magic:  3/3        EV: 11    Int:  9    God:
Gold:   94         SH:  0    Dex: 13    Spells: 2/2 levels left

rFire   . .          .
                       - Unarmed
rCold   . . .        (no shield)
rNeg    . . .        k - +0 ring mail
rPois   .            (helmet currently unavailable)
rElec   .            (cloak currently unavailable)
rCorr   .            (gloves currently unavailable)
SInv    .            (boots currently unavailable)
Will    .....        (no amulet)
Stlth   +            (no ring)
HPRegen 0.24/turn    (no ring)
MPRegen 0.08/turn

%: no passive effects
@: beast-form
A: beast (slay +2), (nimble swimmer 2), mertail
a: Begin Untransformation


You were on level 2 of the Dungeon.
You were a hulking beast.
You visited 1 branch of the dungeon, and saw 2 of its levels.

You collected 94 gold pieces.

Inventory:

Hand Weapons
 g - a +0 dagger
Missiles
 f - 2 poisoned darts
 h - 7 stones
 j - 3 boomerangs
Armour
 a - a +0 animal skin
 k - a +0 ring mail (worn)
Talismans
 c - a beast talisman
 d - a flux talisman
Scrolls
 e - a scroll of silence {unknown}
 i - a scroll of identify {unknown}
 m - a scroll of vulnerability {unknown}
 n - a scroll of brand weapon {unknown}
 o - a scroll of enchant armour {unknown}
Potions
 b - a potion of lignification
 l - 2 potions of haste {unknown}


   Skills:
 + Level 1.3 Fighting
 + Level 0.5 Throwing
 + Level 0.4 Armour
 + Level 3.0 Dodging
 + Level 0.8 Stealth
 + Level 3.4 Unarmed Combat
 * Level 4.4 Shapeshifting


You had 2 spell levels left.
You didn't know any spells.
Your spell library contained the following spells:

 Spells                   Type           Power      Damage    Failure   Level
 Apportation              Tloc           0%         N/A       61%         1
 Necrotise                Necr           0%         1d4       61%         1
 Sting                    Conj/Alch      0%         1d3       61%         1
 Summon Small Mammal      Summ           0%         N/A       61%         1


Dungeon Overview and Level Annotations

Branches:
Dungeon (2/15)

Altars:


Innate Abilities, Weirdness & Mutations

You are a hulking beast.
Your limbs bulge with bestial killing power. (Slay +2)
((You are very nimble when in or above water. (Stealth+, EV+, Speed+++)))
Your lower body shifts to a powerful aquatic tail in water.


Message History

Your experience leads to an increase in your attributes!
Increase (S)trength, (I)ntelligence, or (D)exterity?
You feel stronger. x2
You see here a +0 whip.
You now have 94 gold pieces (gained 3).
You start resting.
HP restored.
You open the door.
There is an open door here.
Done exploring.
Okay, then.
Done exploring.
Unknown command.
Done exploring.
There is a stone staircase leading down here.
You climb downwards.
Found a dagger, 10 gold pieces and a glowing golden potion.
Found a stone staircase leading down.
There is a stone staircase leading up here.
Found a transparent ring mail.
The iguana bites you!
You closely miss the iguana. You hit the iguana.
You punch the iguana, but do no damage.
The iguana is lightly wounded.
The iguana misses you.
You closely miss the iguana.
The iguana is lightly wounded.
The iguana barely misses you.
You punch the iguana!
The iguana is heavily wounded.
The iguana bites you.
You are too injured to fight recklessly!
You hit the iguana but do no damage.
The iguana is heavily wounded.
The iguana barely misses you.
You hit the iguana but do no damage.
The iguana is heavily wounded.
The iguana bites you!
Ouch! That really hurt!
You die...

##.#.. ...[..
....... ......
.......# .#...#
........###.....#
..$..............
.......#.....#...
.....^...........
.........hl.....#
..##..<.>.....##
#...#........#
....# ##.......#
... #.......# .#
#.).....#
#..!.....#
#.........
#######


You could see an iguana.

Vanquished Creatures
  A gnoll (D:1)
  A dart slug (D:1)
  A ball python (D:1)
  An endoplasm (D:1)
  2 goblins (D:1)
  A hobgoblin (D:1)
  2 quokkas (D:1)
  A frilled lizard (D:1)
  A kobold (D:1)
  A rat (D:1)
12 creatures vanquished.

Notes
Turn   | Place    | Note
-------+----------+-------------------------------------------
     0 | D:1      | Lobster4 the Merfolk Shapeshifter began the quest for the
                  | Orb.
     0 | D:1      | Reached XP level 1. HP: 15/15 MP: 1/1
   348 | D:1      | Reached XP level 2. HP: 18/21 MP: 2/2
   770 | D:1      | Reached XP level 3. HP: 4/26 MP: 3/3
   901 | D:2      | Slain by an iguana

Illustrated notes

Levels and vault maps discovered:
D:1:      reono_arrival_mine, layout_basic
D:2:      layout_rooms, minmay_small_reverse_x

Skill      XL: |  1  2 |
---------------+-------+-----
Dodging        | 3 |  3.0
Fighting       | |  1.3
Throwing       | |  0.5
Armour         | |  0.4
Stealth        | |  0.8
Unarmed Combat | |  3.4
Shapeshifting  | |  4.4

Action                     || total
---------------------------++-------
  Melee: Unarmed           ||    43
         Punch             ||     2
  Throw: Dart              ||     2
   Stab: Sleeping          ||     1
 Armour: Animal skin       ||     8
         Ring mail         ||    13
  Dodge: Dodged            ||    13

Table legend: (Time is in decaauts)
 A = Elapsed time spent in this place.
 B = Non-inter-level travel time spent in this place.
 C = Inter-level travel time spent in this place.
 D = Time resting spent in this place.
 E = Time spent auto-exploring this place.
 F = Levels seen in this place.
 G = Mean time per level.
                   A        B        C        D        E       F      G
               +--------+--------+--------+--------+--------+-----+--------+
         Total |    897 |    882 |     15 |    152 |    595 |   2 |  448.5 |
       Dungeon |    897 |    882 |     15 |    152 |    595 |   2 |  448.5 |
               +--------+--------+--------+--------+--------+-----+--------+

Top non-repeatable levels by time:
     D:1: 890 daAuts
     D:2: 7 daAuts
